[ AOE2 MATCH · #507173532 ]
UnrankedHuns vs Sicilians
Player's team · WIN
Rival team · LOSS
[ REPLAY ANALYSIS · EXTRACTED FROM THE RECORDED GAME ]
Feudal
8:27
Castle
—
Imperial
—
| APM avg | 47.9 |
| APM peak | 69 |
| eAPM avg | 17.0 |
| Villagers / military | 43 / 6 |
Focus
⚔️ 33.0% · 🌾 67.0%
Scout Cavalry ×5 · Fire Galley ×1 · Unknown (2626) ×1
Feudal
13:07
Castle
—
Imperial
—
| APM avg | 41.1 |
| APM peak | 72 |
| eAPM avg | 21.3 |
| Villagers / military | 36 / 10 |
Focus
⚔️ 50.5% · 🌾 49.5%
Fishing Ship ×10 · Spearman ×9 · Scout Cavalry ×1 · Unknown (2626) ×1
Match map
Initial resources + every placement click. Lines = walls · curves = elevation contours. ◆ gold · ⬟ stone · ● berries · ✦ relic · ◌ wall gap
Your base· Open — unwalled flank
[GDL]BetoxAOE's base· ✓ Closed at 18:44 · 83t walls · 1 gate(s)
Smoothed initial terrain · ◌ = detected wall gap · hover for details
Inputs per minute
— Ivannovich - - [GDL]BetoxAOE
Build order — Ivannovich
93 actions detected in the replay
| 0:00 | Queue | Villager (Male) |
| 0:00 | Queue | Villager (Male) |
| 0:11 | Queue | Villager (Male) |
| 0:13 | Queue | Villager (Male) |
| 1:15 | Queue | Villager (Male) |
| 1:48 | Queue | Villager (Male) |
| 2:00 | Queue | Villager (Male) |
| 2:01 | Queue | Villager (Male) |
| 2:28 | Queue | Villager (Male) |
| 2:50 | Queue | Villager (Male) |
| 2:59 | Build | Lumber Camp |
| 3:04 | Queue | Villager (Male) |
| 3:15 | Queue | Villager (Male) |
| 3:49 | Queue | Villager (Male) |
| 3:53 | Queue | Villager (Male) |
| 4:14 | Queue | Villager (Male) |
| 5:29 | Build | Mill |
| 5:45 | Queue | Villager (Male) |
| 6:17 | Research | Feudal Age |
| 7:06 | Build | Barracks |
| 7:19 | Research | Loom |
| 8:16 | Queue | Villager (Male) |
| 8:27 | Age | Feudal Age |
| 8:28 | Build | Stable |
| 8:36 | Queue | Villager (Male) |
| 9:01 | Queue | Scout Cavalry |
| 9:02 | Queue | Villager (Male) ×3 |
| 9:13 | Queue | Villager (Male) |
| 9:21 | Build | Mining Camp |
| 9:28 | Queue | Villager (Male) |
| 9:36 | Build | Watch Tower |
| 9:53 | Build | Watch Tower |
| 9:58 | Queue | Villager (Male) |
| 10:00 | Queue | Scout Cavalry |
| 10:36 | Queue | Scout Cavalry |
| 10:52 | Queue | Scout Cavalry |
| 11:03 | Build | Farm |
| 11:03 | Build | Farm |
| 11:03 | Build | Farm |
| 11:03 | Build | Farm |
| 11:04 | Build | Farm |
| 11:04 | Build | Farm |
| 11:04 | Build | Farm |
| 11:04 | Build | Farm |
| 11:49 | Build | Farm |
| 11:49 | Build | Farm |
| 11:49 | Build | Farm |
| 12:00 | Build | Dock |
| 12:13 | Build | Watch Tower |
| 12:19 | Build | Palisade Wall |
| 12:19 | Build | Palisade Wall |
| 12:25 | Build | Farm |
| 12:25 | Build | Farm |
| 12:25 | Build | Farm |
| 12:26 | Queue | Villager (Male) |
| 12:50 | Queue | Fire Galley |
| 13:12 | Queue | Villager (Male) |
| 13:14 | Build | Mining Camp |
| 13:22 | Queue | Villager (Male) |
| 13:44 | Queue | Villager (Male) ×3 |
| 13:48 | Build | Watch Tower |
| 13:50 | Build | Palisade Wall |
| 13:52 | Build | Palisade Wall |
| 14:15 | Queue | Villager (Male) |
| 14:31 | Build | Blacksmith |
| 14:53 | Build | Palisade Wall |
| 14:55 | Queue | Villager (Male) |
| 15:05 | Build | Watch Tower |
| 15:14 | Queue | Villager (Male) |
| 15:25 | Research | Fletching |
| 15:26 | Queue | Villager (Male) |
| 15:48 | Queue | Villager (Male) |
| 15:54 | Queue | Unit 2626 |
| 16:08 | Build | Farm |
| 16:08 | Build | Farm |
| 16:09 | Build | Farm |
| 16:09 | Build | Farm |
| 16:09 | Build | Farm |
| 16:09 | Build | Farm |
| 16:23 | Build | Palisade Wall |
| 16:24 | Build | Palisade Wall |
| 16:25 | Build | Palisade Wall |
| 16:29 | Queue | Scout Cavalry |
| 16:37 | Build | Palisade Wall |
| 16:39 | Build | Palisade Wall |
| 17:00 | Queue | Villager (Male) |
| 17:14 | Queue | Villager (Male) |
| 17:47 | Build | Mining Camp |
| 17:59 | Queue | Villager (Male) |
| 18:31 | Queue | Villager (Male) ×3 |
| 18:46 | Queue | Villager (Male) |
| 18:51 | Build | Market |
| 18:59 | Queue | Villager (Male) |
Build order — [GDL]BetoxAOE
120 actions detected in the replay
| 0:01 | Queue | Villager (Male) |
| 0:01 | Queue | Villager (Male) |
| 0:02 | Queue | Villager (Male) |
| 0:02 | Build | House |
| 0:03 | Build | House |
| 0:30 | Queue | Villager (Male) |
| 1:23 | Queue | Villager (Male) |
| 1:56 | Build | Lumber Camp |
| 2:03 | Queue | Villager (Male) |
| 2:33 | Queue | Villager (Male) |
| 2:33 | Queue | Villager (Male) |
| 2:36 | Queue | Villager (Male) |
| 2:36 | Queue | Villager (Male) |
| 2:46 | Queue | Villager (Male) |
| 3:26 | Research | Loom |
| 3:26 | Research | Loom |
| 3:37 | Build | House |
| 3:46 | Queue | Villager (Male) |
| 4:13 | Queue | Villager (Male) |
| 4:14 | Queue | Villager (Male) |
| 4:18 | Build | House |
| 4:21 | Build | Dock |
| 4:23 | Build | Palisade Wall |
| 4:24 | Build | Palisade Wall |
| 5:01 | Queue | Fishing Ship |
| 5:19 | Queue | Villager (Male) |
| 5:40 | Queue | Villager (Male) |
| 5:40 | Queue | Villager (Male) |
| 5:41 | Queue | Fishing Ship |
| 6:12 | Queue | Villager (Male) |
| 6:13 | Queue | Villager (Male) |
| 6:19 | Queue | Fishing Ship |
| 6:31 | Queue | Villager (Male) |
| 6:32 | Queue | Villager (Male) |
| 6:36 | Build | Dock |
| 6:42 | Build | Palisade Wall |
| 6:43 | Build | Palisade Wall |
| 7:02 | Queue | Villager (Male) |
| 7:03 | Queue | Fishing Ship |
| 7:10 | Build | House |
| 7:30 | Queue | Fishing Ship |
| 7:31 | Queue | Villager (Male) |
| 7:31 | Queue | Villager (Male) |
| 7:33 | Queue | Villager (Male) |
| 7:33 | Queue | Villager (Male) |
| 7:51 | Build | Palisade Wall |
| 7:55 | Queue | Fishing Ship |
| 8:02 | Build | Palisade Wall |
| 8:07 | Build | House |
| 8:14 | Queue | Villager (Male) |
| 8:14 | Queue | Villager (Male) |
| 8:14 | Queue | Villager (Male) |
| 8:15 | Queue | Fishing Ship |
| 8:36 | Build | Palisade Wall |
| 8:38 | Build | Palisade Wall |
| 8:43 | Build | Palisade Wall |
| 8:44 | Build | Palisade Wall |
| 8:52 | Build | Palisade Wall |
| 9:11 | Build | Palisade Wall |
| 9:15 | Queue | Villager (Male) |
| 9:19 | Build | Palisade Wall |
| 9:20 | Build | Palisade Wall |
| 9:32 | Build | Mining Camp |
| 9:38 | Build | Palisade Wall |
| 9:45 | Queue | Villager (Male) |
| 10:05 | Build | Palisade Gate |
| 10:07 | Build | Palisade Wall |
| 10:08 | Build | Palisade Wall |
| 10:09 | Build | Palisade Wall |
| 10:09 | Build | Palisade Wall |
| 10:12 | Build | Palisade Wall |
| 10:13 | Build | Palisade Wall |
| 10:15 | Build | Palisade Wall |
| 10:20 | Build | Palisade Wall |
| 10:26 | Build | Palisade Wall |
| 10:28 | Build | Palisade Wall |
| 10:29 | Build | Palisade Wall |
| 10:35 | Queue | Fishing Ship |
| 10:35 | Queue | Fishing Ship |
| 10:35 | Queue | Fishing Ship |
| 10:57 | Research | Feudal Age |
| 10:58 | Research | Feudal Age |
| 11:58 | Build | Barracks |
| 12:41 | Build | House |
| 12:50 | Build | Palisade Wall |
| 12:51 | Build | Palisade Wall |
| 12:52 | Build | Palisade Wall |
| 12:57 | Queue | Villager (Male) |
| 12:57 | Queue | Villager (Male) |
| 13:07 | Age | Feudal Age |
| 13:43 | Queue | Spearman |
| 13:43 | Queue | Spearman |
| 13:43 | Queue | Spearman |
| 13:48 | Build | Palisade Wall |
| 13:54 | Build | Donjon |
| 13:58 | Build | Donjon |
| 14:02 | Research | Town Watch |
| 14:02 | Research | Town Watch |
| 14:07 | Queue | Unit 2626 |
| 14:35 | Build | House |
| 15:01 | Build | House |
| 15:17 | Queue | Villager (Male) |
| 16:39 | Build | Stone Wall |
| 16:47 | Build | Lumber Camp |
| 17:01 | Build | House |
| 17:37 | Build | Stone Wall |
| 17:40 | Build | Stable |
| 17:48 | Queue | Villager (Male) |
| 18:01 | Build | Blacksmith |
| 18:10 | Queue | Spearman |
| 18:10 | Queue | Spearman |
| 18:24 | Queue | Scout Cavalry |
| 18:36 | Research | Forging |
| 18:44 | Research | Castle Age |
| 18:45 | Research | Castle Age |
| 18:52 | Queue | Spearman |
| 18:53 | Queue | Spearman |
| 18:53 | Queue | Spearman |
| 18:54 | Queue | Spearman |
| 18:59 | Queue | Villager (Male) |
Match timeline
| 4:21 | [GDL]BetoxAOE · first_building Dock |
| 4:23 | [GDL]BetoxAOE · wall_segment Palisade Wall x1 |
| 4:24 | [GDL]BetoxAOE · wall_segment Palisade Wall x1 |
| 6:42 | [GDL]BetoxAOE · wall_segment Palisade Wall x1 |
| 6:43 | [GDL]BetoxAOE · wall_segment Palisade Wall x1 |
| 7:06 | Ivannovich · first_building Barracks |
| 7:51 | [GDL]BetoxAOE · wall_segment Palisade Wall x8 |
| 8:02 | [GDL]BetoxAOE · wall_segment Palisade Wall x8 |
| 8:27 | Ivannovich · age_up feudal |
| 8:28 | Ivannovich · first_building Stable |
| 8:36 | [GDL]BetoxAOE · wall_segment Palisade Wall x7 |
| 8:38 | [GDL]BetoxAOE · wall_segment Palisade Wall x8 |
| 8:43 | [GDL]BetoxAOE · wall_segment Palisade Wall x1 |
| 8:44 | [GDL]BetoxAOE · wall_segment Palisade Wall x1 |
| 8:52 | [GDL]BetoxAOE · wall_segment Palisade Wall x1 |
| 9:11 | [GDL]BetoxAOE · wall_segment Palisade Wall x9 |
| 9:19 | [GDL]BetoxAOE · wall_segment Palisade Wall x1 |
| 9:20 | [GDL]BetoxAOE · wall_segment Palisade Wall x1 |
| 9:38 | [GDL]BetoxAOE · wall_segment Palisade Wall x8 |
| 10:07 | [GDL]BetoxAOE · wall_segment Palisade Wall x1 |
| 10:08 | [GDL]BetoxAOE · wall_segment Palisade Wall x1 |
| 10:09 | [GDL]BetoxAOE · wall_segment Palisade Wall x1 |
| 10:09 | [GDL]BetoxAOE · wall_segment Palisade Wall x1 |
| 10:12 | [GDL]BetoxAOE · wall_segment Palisade Wall x1 |
| 10:13 | [GDL]BetoxAOE · wall_segment Palisade Wall x1 |
| 10:15 | [GDL]BetoxAOE · wall_segment Palisade Wall x1 |
| 10:20 | [GDL]BetoxAOE · wall_segment Palisade Wall x9 |
| 10:26 | [GDL]BetoxAOE · wall_segment Palisade Wall x1 |
| 10:28 | [GDL]BetoxAOE · wall_segment Palisade Wall x1 |
| 10:29 | [GDL]BetoxAOE · wall_segment Palisade Wall x1 |
| 11:58 | [GDL]BetoxAOE · first_building Barracks |
| 12:00 | Ivannovich · first_building Dock |
| 12:19 | Ivannovich · wall_segment Palisade Wall x1 |
| 12:19 | Ivannovich · wall_segment Palisade Wall x1 |
| 12:50 | [GDL]BetoxAOE · wall_segment Palisade Wall x1 |
| 12:51 | [GDL]BetoxAOE · wall_segment Palisade Wall x1 |
| 12:52 | [GDL]BetoxAOE · wall_segment Palisade Wall x1 |
| 13:07 | [GDL]BetoxAOE · age_up feudal |
| 13:48 | [GDL]BetoxAOE · wall_segment Palisade Wall x4 |
| 13:50 | Ivannovich · wall_segment Palisade Wall x1 |
| 13:52 | Ivannovich · wall_segment Palisade Wall x1 |
| 13:54 | [GDL]BetoxAOE · first_building Donjon |
| 14:53 | Ivannovich · wall_segment Palisade Wall x1 |
| 16:23 | Ivannovich · wall_segment Palisade Wall x1 |
| 16:24 | Ivannovich · wall_segment Palisade Wall x1 |
| 16:25 | Ivannovich · wall_segment Palisade Wall x1 |
| 16:37 | Ivannovich · wall_segment Palisade Wall x1 |
| 16:39 | [GDL]BetoxAOE · wall_segment Stone Wall x1 |
| 16:39 | Ivannovich · wall_segment Palisade Wall x1 |
| 17:37 | [GDL]BetoxAOE · wall_segment Stone Wall x1 |
| 17:40 | [GDL]BetoxAOE · first_building Stable |
| 19:07 | [GDL]BetoxAOE · resign |
[ AI ANALYSIS · 1 CREDIT ]
What really happened in this match?
Wolo.gg analyzes every decision: build order, eco, micro, common mistakes by bracket. Personalized analysis on WhatsApp or Discord in 30 seconds.
Civ guide
Huns
Perfil
Ivannovich